 Dungeon Crawl Stone Soup version 0.29.0-4-gdea44cf6ec (webtiles) character file.

Game seed: 648874680406416282

55 qw the Chopper (level 3, -1/21 HPs)
             Began as a Tengu Warper on Aug 28, 2022.
             Slain by Ijyb
             ... wielding a +0 club
              (3 damage)
             ... on level 3 of the Dungeon.
             The game lasted 00:00:10 (1711 turns).

qw the Chopper (Tengu Warper)                       Turns: 1711, Time: 00:00:11

Health: -1/21      AC:  8    Str: 13    XL:     3   Next: 93%
Magic:  7/7        EV:  6    Int: 13    God:
Gold:   90         SH:  0    Dex: 13    Spells: 6/6 levels left

rFire   . . .      SeeInvis .   Y - +0 hand axe
rCold   . . .      Faith    .   (no shield)
rNeg    . . .      Spirit   .   f - +0 chain mail
rPois   .          Reflect  .   (helmet restricted)
rElec   .          Harm     .   (no cloak)
rCorr   .          Rampage  .   (no gloves)
Will    .....                   (boots unavailable)
Stlth   ..........              (no amulet)
HPRegen 0.07/turn               (no ring)
MPRegen 0.10/turn               (no ring)

@: confused
A: beak, talons 3
a: no special abilities


You were on level 3 of the Dungeon.
You visited 1 branch of the dungeon, and saw 3 of its levels.

You collected 90 gold pieces.


Innate Abilities, Weirdness & Mutations

You have a beak for a mouth.
You have claws for feet.


   Skills:
 - Level 2.0 Fighting
 + Level 4.5 Axes
 - Level 1.0 Throwing
 - Level 1.1 Armour
 - Level 2.1 Dodging
 - Level 2.0 Spellcasting
 - Level 2.4 Translocations


You had 6 spell levels left.
You didn't know any spells.
Your spell library contained the following spells:

 Spells                   Type           Power      Damage    Failure   Level
 Blink                    Tloc           14%        N/A       99%         2
 Gell's Gravitas          Tloc           7%         N/A       100%        3
 Lesser Beckoning         Tloc           7%         N/A       100%        3
 Teleport Other           Tloc           7%         N/A       100%        3
 Manifold Assault         Tloc           7%         N/A       100%        5

Inventory:

Hand Weapons
 d - a +0 mace
 Y - a +0 hand axe (weapon)
Armour
 f - a +0 chain mail (worn)
Scrolls
 a - a scroll of identify
 g - a scroll of teleportation
Potions
 b - a potion of brilliance {unknown}
 c - a potion of heal wounds {unknown}
 i - a potion of cancellation {unknown}
 k - a potion of berserk rage {unknown}
 l - a potion of might

Dungeon Overview and Level Annotations

Branches:
Dungeon (3/15)

Altars:

Shops:
D:1 *

Annotations:
D:3 Ijyb


Message History

You hit Ijyb but do no damage.
Ijyb is moderately wounded.
Ijyb hits you but does no damage.
You barely miss Ijyb. You claw Ijyb, but do no damage.
Ijyb is moderately wounded.
Ijyb zaps a wand.
Your will is overpowered!
You are confused.
You bump into the rock wall.
Ijyb hits you but does no damage.
You hit Ijyb but do no damage.
Ijyb is moderately wounded.
Ijyb hits you with a +0 club.
You bump into the rock wall.
Ijyb hits you but does no damage.
You closely miss Ijyb. Your kick misses Ijyb.
Ijyb is moderately wounded.
Ijyb completely misses you.
You bump into the rock wall.
You feel less confused. Ijyb hits you with a +0 club.
You hit Ijyb. You claw Ijyb.
Ijyb is heavily wounded.
Ijyb zaps a wand.
Your will is overpowered!
You are confused.
You bump into the rock wall.
Ijyb closely misses you.
You hit Ijyb.
Ijyb is heavily wounded.
Ijyb hits you but does no damage.
You barely miss Ijyb. You claw Ijyb. Your peck misses Ijyb.
Ijyb is heavily wounded.
Ijyb hits you with a +0 club.
You bump into the rock wall.
Ijyb closely misses you.
You barely miss Ijyb. You claw Ijyb, but do no damage.
Ijyb is heavily wounded.
Ijyb hits you with a +0 club.
You bump into the rock wall.
Ijyb hits you with a +0 club.
You die...

#.# #.# ##.## #.#
##...## #.#
##.....####.##
#............########
#......####.........#
#.#...## #.#######.#
#.##.## #.###### #.
#.# #...@gK# #.#
######...... #. .....
.... (.. .. =


You could see Ijyb and a kobold.

Vanquished Creatures
  An adder (D:3)
  A worm (D:3)
  2 dart slugs
  An orc (D:3)
  7 endoplasms
  A giant cockroach (D:1)
  A goblin (D:3)
  5 hobgoblins (D:1)
  3 ball pythons
  4 bats
  2 frilled lizards
  3 kobolds
  6 rats
37 creatures vanquished.

Notes
Turn   | Place    | Note
-------+----------+-------------------------------------------
     0 | D:1      | qw the Tengu Warper began the quest for the Orb.
     0 | D:1      | Reached XP level 1. HP: 12/12 MP: 4/4
     0 | D:1      | 0 ||| qw: Version: 0.1-a-89-g26bdef1
     0 | D:1      | 0 ||| qw: Game counter: 2405
     0 | D:1      | 0 ||| qw: Always use a shield: true
     0 | D:1      | 0 ||| qw: God list: Okawaru
     0 | D:1      | 0 ||| qw: Allow faded altars: false
     0 | D:1      | 0 ||| qw: Do Orc after D:15 true
     0 | D:1      | 0 ||| qw: Do second Lair branch before Depths: true
     0 | D:1      | 0 ||| qw: Lair rune preference: random
     0 | D:1      | 0 ||| qw: Plans: Normal
     0 | D:1      | 0 ||| PLANNING D:1-11
   178 | D:1      | Reached XP level 2. HP: 17/17 MP: 6/6
   182 | D:1      | Reached skill level 3 in Axes
   697 | D:1      | Found Zoppeps's Assorted Antiques.
   703 | D:1      | 703 ||| SHOPLISTING fizzy silvery potion (23 gold, have
                  | 20).
   703 | D:1      | 703 ||| SHOPLISTING fizzy white potion (23 gold, have 20).
   703 | D:1      | 703 ||| SHOPLISTING glowing cloak (195 gold, have 20).
   703 | D:1      | 703 ||| SHOPLISTING scroll labelled KOIBIS HEOSM (26 gold,
                  | have 20).
   703 | D:1      | 703 ||| SHOPLISTING scroll labelled YFFAATWUAN (26 gold,
                  | have 20).
   759 | D:1      | 759 ||| UPGRADING to +0 scale mail.
   769 | D:1      | 769 ||| DROPPING +0 leather armour.
   770 | D:1      | 770 ||| READING 2 scrolls labelled YFFAATWUAN.
   771 | D:1      | 771 ||| READING scroll labelled KOIBIS HEOSM.
   772 | D:1      | 772 ||| READING scroll labelled FIMAOT NESM.
   775 | D:1      | 775 ||| READING scroll labelled GAZYAR FEIXYEP.
   776 | D:1      | 776 ||| READING scroll labelled BOM FYLLETY.
   777 | D:1      | 777 ||| DRINKING 2 red potions.
   778 | D:1      | 778 ||| DROPPING scroll of blinking.
  1081 | D:2      | Found a faded altar of an unknown god.
  1150 | D:2      | 1150 ||| Stepping ~*~*~tactically~*~*~ (hiding).
  1157 | D:2      | Reached XP level 3. HP: 21/21 MP: 7/7
  1457 | D:2      | 1457 ||| UPGRADING to +0 chain mail.
  1467 | D:2      | 1467 ||| DROPPING +0 scale mail.
  1468 | D:2      | 1468 ||| DROPPING amulet of magic regeneration.
  1469 | D:2      | 1469 ||| DRINKING 2 black potions.
  1470 | D:2      | 1470 ||| READING 2 scrolls of identify.
  1470 | D:2      | 1470 ||| IDENTIFYING fizzy yellow potion
  1471 | D:2      | 1471 ||| DROPPING potion of degeneration.
  1472 | D:2      | 1472 ||| DROPPING potion of attraction.
  1491 | D:3      | Reached skill level 4 in Axes
  1679 | D:3      | Noticed Ijyb
  1680 | D:3      | 1680 ||| Stepping ~*~*~tactically~*~*~ (hiding).
  1708 | D:3      | HP: 5/21 [Ijyb/+0 club (1)]
  1710 | D:3      | HP: 2/21 [Ijyb/+0 club (3)]
  1711 | D:3      | Slain by Ijyb

Levels and vault maps discovered:
D:1:      spicycebolla_arrival_xxxplode, layout_loops_ring, serial_shops, shop
D:2:      layout_basic, shapermc_ecumenical_altar_ellora, moated_statue
D:3:      layout_loops_ring, gammafunk_ghost_split, moated_statue, uniq_ijyb,
          uniq_terence, uniq_robin

Skill      XL: |  1  2  3 |
---------------+----------+-----
Axes           | 3 4 |  4.5
Fighting       | |  2.0
Throwing       | |  1.0
Armour         | |  1.1
Dodging        | |  2.1
Spellcasting   | |  2.0
Translocations | |  2.4

Action                   || total
-------------------------++-------
Melee: Hand axe          ||    92
       Kick              ||    20
       Peck              ||    10
       Punch             ||     2
Throw: Boomerang         ||     7
  Use: Scroll            ||     6
       Potion            ||     2
Armor: Leather armour    ||    10
       Scale mail        ||     3
       Chain mail        ||    20
Dodge: Dodged            ||    34

Table legend:
 A = Non-vault XP
 B = Vault XP
 C = Vault XP percentage of total XP
 D = Non-vault monster count
 E = Vault monster count
 F = Vault count percentage of total count
                 A         B        C        D         E       F
            +---------+---------+-------+---------+---------+-------
      Total |      79 |       0 |   0.0 |      37 |       0 |   0.0
            +---------+---------+-------+---------+---------+-------
        D:1 |      30 |       0 |   0.0 |      19 |       0 |   0.0
        D:2 |      14 |       0 |   0.0 |       7 |       0 |   0.0
        D:3 |      35 |       0 |   0.0 |      11 |       0 |   0.0
            +---------+---------+-------+---------+---------+-------
